 Dungeon Crawl Stone Soup version 0.20.1-1-g8b1a95d (webtiles) character file.

1812 dohliylev the Covert (level 8, -4/54 HPs)
             Began as a Vampire Enchanter on Aug 9, 2017.
             Was a Follower of Nemelex Xobeh.
             Splashed by a crimson imp's acid (14 damage)
             ... on level 6 of the Dungeon.
             The game lasted 00:30:13 (7675 turns).

dohliylev the Covert (Vampire Enchanter)            Turns: 7675, Time: 00:30:18

Health: -4/54      AC:  2    Str:  7      XL:     8   Next: 84%
Magic:  3/12       EV: 17    Int: 19      God:    Nemelex Xobeh [*.....]
Gold:   258        SH:  0    Dex: 14 (15) Spells: 6/12 levels left

rFire    . . .     SeeInvis +   a - +1 dagger (drain)
rCold    + . .     Gourm    .   (no shield)
rNeg     + + .     Faith    .   b - +0 robe
rPois    +         Spirit   .   (no helmet)
rElec    .         Reflect  .   (no cloak)
rCorr    .         Harm     .   (no gloves)
MR       .....                  (no boots)
Stlth    +++++.....             (no amulet)
Regen    0.1/turn               (no ring)
MPRegen  0.2/turn               (no ring)

@: regenerating slowly
A: fangs 3, see invisible, unbreathing
a: Bat Form, Renounce Religion


You were on level 6 of the Dungeon.
You worshipped Nemelex Xobeh.
Nemelex Xobeh was aware of your devotion.
You were thirsty.

You visited 2 branches of the dungeon, and saw 7 of its levels.

You collected 258 gold pieces.

Inventory:

Hand Weapons
 a - a +1 dagger of draining (weapon)
 k - a +0 short sword of electrocution
Armour
 b - a +0 robe (worn)
Jewellery
 u - a +1 ring of protection {unknown}
Scrolls
 e - a scroll of enchant armour {unknown}
 f - 3 scrolls of recharging {unknown}
 i - a scroll of enchant weapon {unknown}
 l - 4 scrolls of identify {unknown}
 m - a scroll of fear {unknown}
 s - a scroll of magic mapping {unknown}
 v - a scroll of blinking {unknown}
 w - 2 scrolls of remove curse {unknown}
Potions
 d - 3 potions of blood
 g - 2 potions of magic {unknown}
 h - 6 potions of heal wounds {unknown}
 j - 6 potions of curing {unknown}
 n - a potion of agility {unknown}
 o - 2 potions of might {unknown}
 p - a potion of haste {unknown}
 q - a potion of lignification {unknown}
 r - a potion of flight {unknown}
 x - 2 potions of resistance {unknown}
Books
 c - a book of Maledictions

   Spells                             Type                      Level
   a - Corona                         Hexes                        1
   b - Ensorcelled Hibernation        Hexes/Ice                    2
   c - Confuse                        Hexes                        3
   d - Tukima's Dance                 Hexes                        3
   e - Dazzling Spray                 Conjuration/Hexes            3
Miscellaneous
 t - a plain deck of escape


   Skills:
 + Level 1.4 Fighting
 + Level 5.5 Short Blades
 + Level 8.3 Dodging
 + Level 9.2 Stealth
 + Level 2.6 Spellcasting
 + Level 5.7 Hexes
 + Level 2.8 Ice Magic


You had 6 spell levels left.
You knew the following spells:

 Your Spells              Type           Power        Failure   Level  Hunger
a - Corona                Hex            ###....      1%          1    None
b - Ensorcelled Hibernat  Hex/Ice        ###...       4%          2    ##.....
c - Confuse               Hex            ###.....     4%          3    ###....


Dungeon Overview and Level Annotations

Branches:
Dungeon (6/15)             Temple (1/1) D:4

Altars:
Ashenzari
Cheibriados
Dithmenos
Elyvilon
Fedhas
Gozag
Hepliaklqana
Nemelex Xobeh
Okawaru
Ru
Sif Muna
Trog
Uskayaw
Vehumet
Xom
Yredelemnul


Innate Abilities, Weirdness & Mutations

You heal slowly.
You have razor-sharp teeth.
You have supernaturally acute eyesight. (SInv)
You can survive without breathing.


Message History

The bolt of acid misses you.
It is a wand of acid (?/15).
The crimson imp zaps a wand.
The bolt of acid misses you.
You hit the crimson imp but do no damage.
You hit the crimson imp.
The crimson imp is lightly wounded.
The crimson imp blinks!
You hit the crimson imp.
The crimson imp is lightly wounded.
The crimson imp zaps a wand.
The bolt of acid hits you!
You are splashed with acid!
The acid burns!
You hit the crimson imp but do no damage.
The crimson imp zaps a wand.
The bolt of acid misses you.
You hit the crimson imp but do no damage.
You hit the crimson imp.
The crimson imp is lightly wounded.
The crimson imp zaps a wand.
The bolt of acid hits you!
* * * LOW HITPOINT WARNING * * *
You are splashed with acid!
The acid burns!
You die...
Your body disappears without a glow.

......# #.#
....... ##.#
.......
########## #..#
##...#.
.........###.##
.###
.........##..#
#
.........#..##
.........#.##
.......5...#
........@###
.........#
.........#
##########


You could see a crimson imp.

Vanquished Creatures
  Pikel (D:4)
  Grinder (D:4)
  The ghost of Fingolfin the Caller, an amateur DESu of Sif Muna (D:5)
  Menkaure (D:4)
  Edmund (D:4)
  A slave (D:4)
  An ogre (D:5)
  2 centaurs (D:5)
  A bullfrog (D:6)
  A scorpion (D:4)
  An orc priest (D:4)
  2 iguanas
  Natasha (thrice) (D:3)
  3 orc wizards
  A worker ant (D:4)
  8 gnolls
  6 adders
  An ooze (D:6)
  A worm (D:3)
  4 dart slugs
  3 leopard geckos
  6 orcs
  A ball python (D:3)
  13 bats
  5 giant cockroaches
  12 goblins
  7 hobgoblins
  2 jackals (D:1)
  A quokka (D:2)
  7 frilled lizards
  A jackal skeleton (D:4)
  9 kobolds
  A leopard gecko skeleton (D:4)
  10 rats
119 creatures vanquished.

Vanquished Creatures (others)
  2 slaves (D:4)
  A bullfrog skeleton (D:4)
3 creatures vanquished.

Grand Total: 122 creatures vanquished

Notes
Turn   | Place    | Note
-------+----------+-------------------------------------------
     0 | D:1      | dohliylev the Vampire Enchanter began the quest for the Orb.
     0 | D:1      | Reached XP level 1. HP: 13/13 MP: 3/3
   550 | D:1      | Reached skill level 5 in Stealth
   594 | D:1      | Reached XP level 2. HP: 20/20 MP: 5/5
   598 | D:1      | Learned a level 2 spell: Ensorcelled Hibernation
   773 | D:1      | Reached skill level 6 in Stealth
   849 | D:1      | Reached XP level 3. HP: 24/25 MP: 1/6
   862 | D:1      | Learned a level 3 spell: Confuse
  1131 | D:1      | Reached skill level 1 in Fighting
  1390 | D:2      | Reached skill level 7 in Stealth
  1390 | D:2      | Reached XP level 4. HP: 32/32 MP: 4/7
  2407 | D:3      | Noticed Natasha
  2412 | D:3      | Killed Natasha
  2412 | D:3      | Reached skill level 8 in Stealth
  2412 | D:3      | Reached XP level 5. HP: 37/37 MP: 3/8
  2614 | D:3      | Reached skill level 1 in Ice Magic
  2918 | D:3      | Noticed Natasha
  2946 | D:3      | Killed Natasha
  2963 | D:3      | Noticed Natasha
  2970 | D:3      | Killed Natasha
  3277 | D:4      | Noticed Grinder
  3394 | D:4      | Reached XP level 6. HP: 43/43 MP: 9/9
  3414 | D:4      | Found a staircase to the Ecumenical Temple.
  3429 | Temple   | Entered the Ecumenical Temple
  3438 | Temple   | Became a worshipper of Nemelex Xobeh the Trickster
  3883 | D:4      | Received a gift from Nemelex Xobeh
  3900 | D:4      | Noticed a slave
  3900 | D:4      | Noticed a slave
  3922 | D:4      | Killed a slave
  3985 | D:4      | Noticed Pikel
  3985 | D:4      | Noticed a slave
  3986 | D:4      | Noticed a slave
  4653 | D:4      | Paralysed by Grinder for 6 turns
  4830 | D:4      | Noticed Menkaure
  4837 | D:4      | Killed Menkaure
  4865 | D:4      | Killed Pikel
  4865 | D:4      | Reached skill level 5 in Short Blades
  4865 | D:4      | Reached XP level 7. HP: 48/48 MP: 5/10
  5057 | D:4      | Noticed Edmund
  5063 | D:4      | Killed Edmund
  5063 | D:4      | Reached XP level 8. HP: 54/54 MP: 8/11
  5402 | D:4      | Killed Grinder
  5752 | D:5      | Entered Level 5 of the Dungeon
  5758 | D:5      | Reached * piety under Nemelex Xobeh
  5809 | D:5      | Noticed Fingolfin's ghost (amateur DESu)
  6231 | D:5      | Reached skill level 5 in Hexes
  6306 | D:5      | Killed Fingolfin's ghost
  6306 | D:5      | Reached skill level 9 in Stealth
  6549 | D:6      | Found a sparkling altar of Nemelex Xobeh.
  6747 | D:6      | Found a shadowy altar of Dithmenos.
  7675 | D:6      | Splashed by a crimson imp's acid

Skill      XL: |  1  2  3  4  5  6  7  8 |
---------------+-------------------------+-----
Stealth        | 5 6 7 8 9 |  9.2
Fighting       | 1 |  1.4
Ice Magic      | 2 |  2.8
Dodging        | 3 6 8 |  8.3
Short Blades   | 5 |  5.5
Hexes          | 5 |  5.7
Spellcasting   | |  2.6

Action                   |  1- 3 |  4- 6 |  7- 9 || total
-------------------------+-------+-------+-------++-------
Melee: Dagger            |    75 |   109 |    59 ||   243
       Bite              |     2 |     3 |     5 ||    10
 Cast: Corona            |     1 |       |     1 ||     2
       Ensorcelled Hiber |     9 |    51 |    23 ||    83
       Confuse           |       |     7 |    12 ||    19
 Abil: End Transformatio |       |     4 |     1 ||     5
       Bat Form          |       |     4 |     1 ||     5
  Use: Potion            |       |     3 |     5 ||     8
 Stab: Sleeping          |    23 |    48 |    19 ||    90
       Confused          |       |       |     3 ||     3
  Eat: Corpse            |    10 |     5 |     2 ||    17
Armor: Robe              |    10 |    15 |     7 ||    32
Dodge: Dodged            |    36 |    42 |    43 ||   121
